 Dungeon Crawl Stone Soup version 0.29-a0-283-ga02f740833 (webtiles) character file.

Game seed: 734652129683672442

522 spaghetti the Ducker (level 7, 0/45 HPs)
             Began as an Octopode Brigand on Mar 14, 2022.
             Slain by an orc wizard
             ... wielding a +0 dagger
              (1 damage)
             ... on level 3 of the Dungeon.
             The game lasted 00:06:03 (2916 turns).

spaghetti the Ducker (Octopode Brigand)             Turns: 2916, Time: 00:06:03

Health: 0/45       AC:  1    Str: 10    XL:     7   Next: 22%
Magic:  7/7        EV: 16    Int: 14    God:
Gold:   148        SH:  0    Dex: 15    Spells: 6/6 levels left

rFire   . . .      SeeInvis .   g - +2 short sword (speed) {short}
rCold   . . .      Faith    .   (no shield)
rNeg    . . .      Spirit   .   (helmet restricted)
rPois   .          Reflect  .   (no amulet)
rElec   .          Harm     .   (no ring)
rCorr   .          Rampage  .   (no ring)
Will    .....                   (no ring)
Stlth   ++++......              (no ring)
HPRegen 0.15/turn               (no ring)
MPRegen 0.10/turn               (no ring)
                                (no ring)
                                (no ring)

@: no status effects
A: almost no armour, amphibious, 8 rings, camouflage 1, gelatinous body 1,
(nimble swimmer 1), tentacles
a: no special abilities


You were on level 3 of the Dungeon.
You visited 1 branch of the dungeon, and saw 3 of its levels.

You collected 148 gold pieces.


Innate Abilities, Weirdness & Mutations

You cannot wear most types of armour.
You are amphibious.
You can wear up to eight rings at the same time.
Your skin changes colour to match your surroundings (Stealth+).
Your rubbery body absorbs attacks. (AC +1, EV +1)
((You are camouflaged when in or above water. (Stealth+)))
You have tentacles for arms and can constrict up to eight enemies at once.


   Skills:
 - Level 2.0 Fighting
 - Level 2.0 Short Blades
 - Level 2.0 Throwing
 + Level 7.4 Dodging
 - Level 5.3 Stealth


You had 6 spell levels left.
You didn't know any spells.
Your spell library contained the following spells:

 Spells                   Type           Power      Damage    Failure   Level
 Tukima's Dance           Hex            0%         N/A       65%         3
 Anguish                  Hex/Necr       0%         N/A       96%         4
 Enfeeble                 Hex            0%         N/A       100%        7

Inventory:

Hand Weapons
 a - a +2 dagger of venom {short}
 e - a +2 vampiric short sword {short}
   (You took it off a kobold on level 1 of the Dungeon)
 g - a +2 short sword of speed (weapon) {short}
   (You took it off a kobold on level 1 of the Dungeon)
Missiles
 b - 6 poisoned darts {throwing}
 c - 2 curare-tipped darts {=fthrowing}
 h - 107 stones (quivered) {throwing}
Magical Staves
 n - a staff of poison {!astaff}
   (You found it on level 2 of the Dungeon)
Jewellery
 i - a ring of fire
   (You found it on level 1 of the Dungeon)
Wands
 k - a wand of flame (5)
   (You took it off Grinder on level 3 of the Dungeon)
Scrolls
 d - 2 scrolls of brand weapon
 j - 2 scrolls of magic mapping {!r}
 m - 2 scrolls of enchant armour
 p - a scroll of enchant weapon
Potions
 f - 4 potions of brilliance

Dungeon Overview and Level Annotations

Branches:
Dungeon (3/15)

Altars:
Wu Jian

Shops:
D:2

( ####### ....... ..?....
.<..... .......
.......##### #####
......†{@..#### #....
......)###....#######.#..
....... ####............
....... ######.####.#
####### ........##...#
#########..### ..#
###..## #.# ##...## #.#
##..###


There were no monsters in sight!


Message History

You take 1 damage, and now have 44/45 hp.
You barely miss the rat. Your grab misses the rat. The rat barely misses you.
You barely miss the rat. You grab the rat. You constrict the rat.
You barely miss the rat. You constrict the rat.
You kill the rat!
You see here a rat corpse.
A ball python comes into view. 😎 HP[+1]
Your hp is fully restored (45).
A ball python is nearby!
A ball python is nearby!
An orc priest comes into view. It is wielding a +0 dagger.
An orc and an orc wizard come into view.
Found a scroll of identify.
Found a stone staircase leading up.
The orc wizard shouts!
The orc wizard mumbles some strange words.
The orc wizard flickers and vanishes!
Deactivating autopickup; reactivate with Ctrl-A.
An orc comes into view. It is wielding a +0 short sword.
The orc hits you with a +0 hand axe. 😕 HP[-4]
You take 4 damage, and now have 41/45 hp.
You closely miss the ball python.
The orc shouts!
Your grab misses the ball python.
The ball python bites you but does no damage.
The ball python grabs you. The ball python constricts you.
The orc hits you with a +0 hand axe! 😮 HP[-8]
You take 8 damage, and now have 33/45 hp.
You barely miss the orc. You grab the orc. You constrict the orc.
The ball python misses you.
The ball python constricts you. 😮 HP[-1]
You take 1 damage, and now have 32/45 hp.
You hit the orc. You squeeze the orc. You constrict the orc.
You kill the orc!
The ball python closely misses you. The ball python constricts you.
You puncture the ball python!
You kill the ball python!
The orc priest invokes the aid of Beogh against you.
Beogh smites you!
* * * LOW HITPOINT WARNING * * *
😨 HP[-16]
You take 16 damage, and now have 16/45 hp.
MASSIVE DAMAGE!! (PAUSE)
You closely miss the orc priest. Your grab misses the orc priest.
You closely miss the orc priest. You grab the orc priest.
You constrict the orc priest. The orc priest barely misses you.
You hear some strange, mumbled words.
A magic dart appears from out of thin air!
The magic dart hits you.
* * * LOW HITPOINT WARNING * * *
😱 HP[-6]
You take 6 damage, and now have 10/45 hp.
Okay, then.
Okay, then.
Okay, then.
You release your grip on the orc priest.
Something hits you.
* * * LOW HITPOINT WARNING * * *
Okay, then.
You hit the orc priest. Your grab misses the orc priest.
Your squeeze misses the orc priest. The orc priest barely misses you.
You hit the orc priest. You grab the orc priest. You squeeze the orc priest.
You kill the orc priest!
Aiming: Throw Flame
Press: ? - help, Shift-Dir - straight line, f - orc
Aim: an orc, wielding a +0 short sword and wearing a +0 chain mail (77% to hit)
The puff of flame hits the orc.
Aiming: Throw Flame
Press: ? - help, Shift-Dir - straight line, f/p - orc
Aim: an orc, wielding a +0 short sword and wearing a +0 chain mail (heavily wounded, 77% to hit)
The puff of flame hits the orc.
The orc hits you with a +0 short sword.
* * * LOW HITPOINT WARNING * * *
😱 HP[-4]
You take 4 damage, and now have 6/45 hp.
Aiming: Throw Flame
Press: ? - help, Shift-Dir - straight line, f/p - orc
Aim: an orc, wielding a +0 short sword and wearing a +0 chain mail (severely wounded, 77% to hit)
The puff of flame hits the orc.
You kill the orc!
Aiming: Throw Flame
Press: ? - help, Shift-Dir - straight line Something hits you.
* * * LOW HITPOINT WARNING * * *
😱 HP[-3]
You take 3 damage, and now have 3/45 hp.
Aiming: Throw Flame
Press: ? - help, Shift-Dir - straight line Something hits you.
* * * LOW HITPOINT WARNING * * *
😱 HP[-2]
You take 2 damage, and now have 1/45 hp.
Aiming: Throw Flame
Press: ? - help, Shift-Dir - straight line Something closely misses you.
Aiming: Throw Flame
Press: ? - help, Shift-Dir - straight line The puff of flame hits something.
Something hits you.
You die...

Skill      XL: |  1  2  3  4  5  6 |
---------------+-------------------+-----
Dodging        | 2 3 5 7 |  7.4
Fighting       | |  2.0
Short Blades   | |  2.0
Throwing       | |  2.0
Stealth        | |  5.3

Action                   |  1- 3 |  4- 6 |  7- 9 || total
-------------------------+-------+-------+-------++-------
Melee: Dagger            |     3 |       |       ||     3
       Constrict         |    10 |    12 |     4 ||    26
       Tentacles         |     6 |     7 |     2 ||    15
       Short sword       |    45 |   102 |    12 ||   159
       Punch             |     1 |     1 |       ||     2
Throw: Dart              |    31 |     9 |       ||    40
       Stone             |       |    41 |       ||    41
Evoke: Wand              |       |       |     7 ||     7
  Use: Scroll            |     7 |     1 |     2 ||    10
       Potion            |       |     6 |       ||     6
 Stab: Sleeping          |    12 |     5 |       ||    17
Armor: Skin              |     3 |    24 |     1 ||    28
Dodge: Dodged            |    22 |    42 |     7 ||    71

Levels and vault maps discovered:
D:1:      dpeg_arrival_shrine, layout_loops_corners, minmay_misc_feat_columns
D:2:      layout_loops_ring, serial_shops, shop, due_unseen_surprise
D:3:      layout_rooms, nicolae_wu_jian_wuxing_cycle,
          nicolae_elevator_lobby_asterisk, uniq_grinder, uniq_sigmund,
          uniq_robin

Notes
Turn   | Place    | Note
-------+----------+-------------------------------------------
     0 | D:1      | spaghetti the Octopode Brigand began the quest for the Orb.
     0 | D:1      | Reached XP level 1. HP: 14/14 MP: 1/1
     0 | D:1      | magus.rc [v1.9.6]
   360 | D:1      | Reached skill level 2 in Dodging
   360 | D:1      | Reached XP level 2. HP: 19/19 MP: 2/2
   756 | D:1      | Reached XP level 3. HP: 22/24 MP: 3/3
   804 | D:1      | Reached skill level 3 in Dodging
  1342 | D:2      | Reached XP level 4. HP: 28/29 MP: 4/4
  1452 | D:2      | Found Hiuvvaukk's Weapon Shop.
  1601 | D:2      | Reached skill level 4 in Dodging
  1883 | D:3      | Noticed Sigmund
  1907 | D:3      | Killed Sigmund
  1908 | D:3      | Reached skill level 5 in Dodging
  1908 | D:3      | Reached XP level 5. HP: 34/34 MP: 5/5
  1908 | D:3      | Reached XP level 6. HP: 39/39 MP: 6/6
  1963 | D:3      | Noticed Robin
  1975 | D:3      | Reached skill level 6 in Dodging
  1986 | D:3      | Killed Robin
  2256 | D:3      | Found an ornate altar of the Wu Jian Council.
  2357 | D:3      | You pick up a book of Maledictions and begin reading...
  2357 | D:3      | You add the spells Tukima's Dance, Anguish and Enfeeble to
                  | your library.
  2522 | D:3      | Noticed Grinder
  2530 | D:3      | HP: 9/39 [Grinder (4)]
  2536 | D:3      | HP: 20/87 [Grinder/puff of flame (2)]
  2538 | D:3      | Paralysed by Grinder for 6 turns
  2542 | D:3      | HP: 13/58 [Grinder (1)]
  2553 | D:3      | Paralysed by Grinder for 5 turns
  2561 | D:3      | Paralysed by Grinder for 7 turns
  2562 | D:3      | HP: 14/58 [Grinder/puff of flame (6)]
  2571 | D:3      | HP: 5/58 [Grinder/puff of flame (7)]
  2574 | D:3      | Killed Grinder
  2575 | D:3      | Reached skill level 7 in Dodging
  2575 | D:3      | Reached XP level 7. HP: 6/45 MP: 7/7
  2906 | D:3      | HP: 10/45 [something/magic dart (6)]
  2911 | D:3      | HP: 6/45 [orc/+0 short sword (4)]
  2914 | D:3      | HP: 1/45 [something (3)]
  2916 | D:3      | Slain by an orc wizard

Vanquished Creatures
  Grinder (D:3)
  Sigmund (D:3)
  An orc priest (D:3)
  Robin (D:3)
  6 adders
  A worm (D:2)
  2 dart slugs
  2 orcs (D:3)
  7 ball pythons
  5 endoplasms
  4 giant cockroaches
  18 goblins
  11 hobgoblins
  4 quokkas
  2 bats
  7 frilled lizards
  8 kobolds
  9 rats
90 creatures vanquished.

Table legend:
 A = Non-vault XP
 B = Vault XP
 C = Vault XP percentage of total XP
 D = Non-vault monster count
 E = Vault monster count
 F = Vault count percentage of total count
                 A         B        C        D         E       F
            +---------+---------+-------+---------+---------+-------
      Total |     239 |     508 |  68.0 |      75 |      15 |  16.7
            +---------+---------+-------+---------+---------+-------
        D:1 |      44 |       0 |   0.0 |      26 |       0 |   0.0
        D:2 |      90 |       0 |   0.0 |      26 |       0 |   0.0
        D:3 |     105 |     508 |  82.9 |      23 |      15 |  39.5
            +---------+---------+-------+---------+---------+-------

Illustrated notes

Table legend:
 A = Kills in this place as a percentage of kills in entire the game.
 B = Kills by you in this place as a percentage of kills by you in the entire game.
 C = Kills by friends in this place as a percentage of kills by friends in the entire game.
 D = Other kills in this place as a percentage of other kills in the entire game.
 E = Experience gained in this place as a percentage of experience gained in the entire game.
 F = Experience gained in this place divided by the number of levels of this place that you have seen.
                   A       B       C       D       E      F
               +-------+-------+-------+-------+-------+----------------------
         Total | 100.0 | 100.0 |   N/A |   N/A | 100.0 | 249.0
       Dungeon | 100.0 | 100.0 |   N/A |   N/A | 100.0 | 249.0
               +-------+-------+-------+-------+-------+----------------------

Table legend: (Time is in decaauts)
 A = Elapsed time spent in this place.
 B = Non-inter-level travel time spent in this place.
 C = Inter-level travel time spent in this place.
 D = Time resting spent in this place.
 E = Time spent auto-exploring this place.
 F = Levels seen in this place.
 G = Mean time per level.
                   A        B        C        D        E       F      G
               +--------+--------+--------+--------+--------+-----+--------+
         Total |   2904 |   2833 |     71 |    337 |   1891 |   3 |  968.0 |
       Dungeon |   2904 |   2833 |     71 |    337 |   1891 |   3 |  968.0 |
               +--------+--------+--------+--------+--------+-----+--------+

Top non-repeatable levels by time:
     D:1: 1100 daAuts
     D:3: 1029 daAuts
     D:2: 774 daAuts
